 Dungeon Crawl Stone Soup version 0.22.1-6-g1668fe2c40 (webtiles) character file.

181 Peloso the Shield-Bearer (level 5, -4/47 HPs)
             Began as a Minotaur Fighter on Jan 26, 2019.
             Slain by an orc wizard
             ... wielding a +1 dagger of electrocution
              (11 damage)
             ... on level 3 of the Dungeon.
             The game lasted 00:02:41 (1497 turns).

Peloso the Shield-Bearer (Minotaur Fighter)         Turns: 1497, Time: 00:02:41

Health: -4/47      AC:  9    Str: 21    XL:     5   Next: 34%
Magic:  4/4        EV:  6    Int:  5    God:
Gold:   88         SH:  9    Dex: 10    Spells: 4/4 levels left

rFire    . . .     SeeInvis .   a - +0 long sword
rCold    . . .     Gourm    .   c - +0 shield
rNeg     . . .     Faith    +   o - +0 chain mail
rPois    .         Spirit   .   (helmet restricted)
rElec    .         Reflect  .   (no cloak)
rCorr    .         Harm     .   (no gloves)
MR       .....                  (no boots)
Stlth    ..........             e - amulet of faith
HPRegen  0.15/turn              q - ring of flight
MPRegen  0.09/turn              (no ring)

@: no status effects
A: retaliatory headbutt, horns 2
a: Evoke Flight


You were on level 3 of the Dungeon.
You were not hungry.

You visited 1 branch of the dungeon, and saw 3 of its levels.

You collected 88 gold pieces.

Inventory:

Hand Weapons
 a - a +0 long sword (weapon)
 r - a +2 short sword of protection
Armour
 b - a +0 scale mail
 c - a +0 shield (worn)
 o - a +0 chain mail (worn)
Jewellery
 e - an amulet of faith (around neck)
 q - a ring of flight (left hand)
Wands
 p - a wand of paralysis (17)
Scrolls
 g - 9 scrolls of identify {unknown}
 j - a scroll of enchant armour {unknown}
 n - 2 scrolls of enchant weapon {unknown}
 s - a scroll of magic mapping {unknown}
Potions
 d - 2 potions of might
 h - 2 potions of lignification {unknown}
 i - 2 potions of magic {unknown}
 k - 3 potions of haste {unknown}
 l - 3 potions of curing {unknown}
 m - a potion of resistance {unknown}
Comestibles
 f - 6 rations


   Skills:
 + Level 4.3 Fighting
 + Level 4.1 Long Blades
 + Level 4.7 Armour
 + Level 1.3 Dodging
 + Level 4.8 Shields


You had 4 spell levels left.
You didn't know any spells.
Your spell library was empty.

Dungeon Overview and Level Annotations

Branches:
Dungeon (3/15)

Altars:
Ashenzari


Innate Abilities, Weirdness & Mutations

You reflexively headbutt those who attack you in melee.
You have a pair of horns on your head.


Message History

The orc wizard mumbles some strange words.
The orc wizard blinks!
The orc hits you but does no damage.
You hear some strange, mumbled words.
A puff of flame appears from out of thin air!
You block the puff of flame.
You slash the orc!
You kill the orc!
Something hits you but does no damage.
You are electrocuted!
The orc barely misses you. Something hits you but does no damage.
You are electrocuted!
* * * LOW HITPOINT WARNING * * *
The orc barely misses you.
The orc wizard mumbles some strange words.
The orc wizard blinks!
You see here a club.
Unknown command.
Something hits you.
* * * LOW HITPOINT WARNING * * *
You are electrocuted!
You die...

.... .....
...... ......
.....§ #.
#.....### ..
#...###.#
##o){...# #
#.@.#### ..###
#....## ##
....###..[..##.
.##
#.....)#.......
..###
###.........###
....##
#..†.####..#
.##..####
##..### ..#
.###....###..##
.# .#
####......# .


You could see an orc.

Vanquished Creatures
  Terence (D:2)
  Natasha (thrice) (D:2)
  An adder (D:2)
  2 worms
  2 dart slugs
  3 leopard geckos
  2 orcs (D:3)
  7 bats
  3 giant cockroaches
  5 goblins
  3 hobgoblins (D:2)
  9 jackals
  A ball python (D:1)
  2 frilled lizards (D:2)
  10 kobolds
  3 rats
57 creatures vanquished.

Notes
Turn   | Place    | Note
-------+----------+-------------------------------------------
     0 | D:1      | Peloso the Minotaur Fighter began the quest for the Orb.
     0 | D:1      | Reached XP level 1. HP: 19/19 MP: 0/0
   202 | D:1      | Reached XP level 2. HP: 27/27 MP: 1/1
   784 | D:2      | Noticed Natasha
   788 | D:2      | Killed Natasha
   788 | D:2      | Reached XP level 3. HP: 33/33 MP: 2/2
   868 | D:2      | Noticed Terence
   898 | D:2      | Killed Terence
   898 | D:2      | Reached XP level 4. HP: 27/40 MP: 3/3
   924 | D:2      | Noticed Natasha
   972 | D:2      | Killed Natasha
   972 | D:2      | Reached skill level 1 in Dodging
  1094 | D:2      | Noticed Natasha
  1099 | D:2      | Killed Natasha
  1099 | D:2      | Reached XP level 5. HP: 46/46 MP: 4/4
  1109 | D:2      | Found a shattered altar of Ashenzari.
  1497 | D:3      | Slain by an orc wizard

Skill      XL: |  1  2  3  4  5 |
---------------+----------------+-----
Shields        | 4 |  4.8
Fighting       | 4 |  4.3
Long Blades    | 3 4 |  4.1
Armour         | 4 |  4.7
Dodging        | 1 |  1.3

Action                   |  1- 3 |  4- 6 || total
-------------------------+-------+-------++-------
Melee: Long sword        |    73 |    69 ||   142
       Headbutt          |    15 |    14 ||    29
  Eat: Chunk             |       |     2 ||     2
Armor: Scale mail        |    26 |     1 ||    27
       Chain mail        |       |    43 ||    43
Dodge: Dodged            |    31 |    21 ||    52
Block: Shield            |    38 |    37 ||    75
       Rpst.: Long sword |     5 |     3 ||     8
